 Dungeon Crawl Stone Soup version 0.25-a0-464-g3004169c2b (webtiles) character file.

Game seed: 12917400575067280594, levelgen mode: deterministic

114 ChaosChampion the Magician (level 4, -5/24 HPs)
             Began as a Deep Elf Wizard on Feb 5, 2020.
             Was an Initiate of Sif Muna.
             Killed by divine providence
             ... invoked by an orc priest
              (11 damage)
             ... on level 3 of the Dungeon.
             The game lasted 00:07:53 (2358 turns).

ChaosChampion the Magician (Deep Elf Wizard)        Turns: 2358, Time: 00:07:53

Health: -5/24      AC:  2    Str:  4    XL:     4   Next: 67%
Magic:  0/14       EV: 13    Int: 24    God:    Sif Muna [......]
Gold:   102        SH:  0    Dex: 13    Spells: 7/15 levels left

rFire    . . .     SeeInvis .   (no weapon)
rCold    . . .     Gourm    .   (no shield)
rNeg     . . .     Faith    .   a - +0 robe
rPois    .         Spirit   .   b - +0 hat
rElec    .         Reflect  .   (no cloak)
rCorr    .         Harm     .   (no gloves)
MR       .....                  (no boots)
Stlth    ++........             (no amulet)
HPRegen  0.08/turn              (no ring)
MPRegen  0.14/turn              (no ring)

@: no status effects
A: no striking features
a: Renounce Religion


You were on level 3 of the Dungeon.
You worshipped Sif Muna.
Sif Muna was noncommittal.
You were not hungry.

You visited 1 branch of the dungeon, and saw 3 of its levels.

You collected 102 gold pieces.

Inventory:

Missiles
 j - 36 poisoned darts (quivered)
 r - 8 boomerangs
Armour
 a - a +0 robe (worn)
 b - a +0 hat (worn)
Jewellery
 g - a cursed +4 ring of intelligence {unknown}
Scrolls
 c - 5 scrolls of fog {unknown}
 e - 3 scrolls of teleportation {unknown}
 f - a scroll of magic mapping {unknown}
 k - 2 scrolls of blinking {unknown}
 m - 2 scrolls of remove curse {unknown}
 n - a scroll of identify {unknown}
 p - a scroll of immolation {unknown}
 q - a scroll of amnesia {unknown}
Potions
 h - a potion of resistance {unknown}
 i - a potion of curing
 l - a potion of flight {unknown}
 o - a potion of agility {unknown}
Comestibles
 d - 9 rations
 s - 2 chunks of flesh


   Skills:
 - Level 2.4 Dodging
 - Level 2.4 Stealth
 * Level 6.3 Spellcasting
 + Level 2.7 Conjurations
 + Level 1.3 Summonings
 + Level 1.4 Translocations
 + Level 0.3 Air Magic
 + Level 0.5 Poison Magic


You had 7 spell levels left.
You knew the following spells:

 Your Spells              Type           Power        Failure   Level  Hunger
a - Magic Dart            Conj           ###.         2%          1    None
b - Blink                 Tloc           N/A          6%          2    None
c - Call Imp              Summ           ##......     7%          2    None
d - Mephitic Cloud        Conj/Pois/Air  ##......     14%         3    None

Your spell library contained the following spells:

 Spells                   Type           Power        Failure   Level  Hunger
 Corona                   Hex            #......      8%          1    None
 Slow                     Hex            #.......     12%         2    None
 Conjure Flame            Conj/Fire      ##......     13%         3    None


Dungeon Overview and Level Annotations

Branches:
Dungeon (3/15)

Altars:
Fedhas
Kikubaaqudgha
Nemelex Xobeh
Qazlal
Sif Muna
Vehumet


Message History

Press: ? - help, Shift-Dir - straight line, f/p - orc
Aim: an orc, wielding a +0 flail and wearing a +0 ring mail (almost dead)
The magic dart hits the orc.
You kill the orc!
Sif Muna accepts your kill.
You start resting.
An orc priest comes into view. It is wielding a +0 short sword.
Casting: Magic Dart (safe; 2% risk of failure)
Confirm with . or Enter, or press ? or * to list all spells.
Aiming: Magic Dart (safe; 2% risk of failure)
Press: ? - help, Shift-Dir - straight line, f - orc priest
Aim: an orc priest, wielding a +0 short sword and wearing a +0 leather armour (hasn't noticed you)
The magic dart hits the orc priest.
The orc priest is moderately wounded.
The orc priest mumbles some strange prayers to Beogh against you.
Beogh smites you!
* * * LOW HITPOINT WARNING * * *
The orc priest calls down the wrath of Beogh upon you.
Beogh smites you!
You die...

######'####..).........
........# #.#..........
######### #..##........
#.[#.#o.....
#...#.##....
#....##.#.. #....#.#.#
# #....)#.# ..#
##@.....##....
#.............
#.....).......
#....†...##!...
....#.....#.##..#
.......).#.#.#..#
#.##......##.#....
..........#. #.... ##
.#....#.#. ..†..


You could see an orc priest.

Vanquished Creatures
  A worker ant (D:3)
  2 adders (D:2)
  2 oozes
  A dart slug (D:2)
  2 leopard geckos
  7 orcs (D:3)
  A ball python (D:2)
  2 giant cockroaches
  5 goblins
  5 hobgoblins
  4 jackals (D:2)
  3 bats
  4 frilled lizards
  7 kobolds
  5 rats
51 creatures vanquished.

Vanquished Creatures (collateral kills)
  A worm (D:2)
1 creature vanquished.

Grand Total: 52 creatures vanquished

Notes
Turn   | Place    | Note
-------+----------+-------------------------------------------
     0 | D:1      | ChaosChampion the Deep Elf Wizard began the quest for the
                  | Orb.
     0 | D:1      | Reached XP level 1. HP: 10/10 MP: 7/7
   525 | D:1      | Reached skill level 5 in Spellcasting
   525 | D:1      | Reached XP level 2. HP: 10/15 MP: 0/10
   529 | D:1      | Learned a level 2 spell: Blink
   532 | D:1      | Learned a level 2 spell: Call Imp
  1013 | D:2      | Reached XP level 3. HP: 19/19 MP: 1/11
  1414 | D:2      | Found a blossoming altar of Fedhas.
  1694 | D:2      | Found a sparkling altar of Nemelex Xobeh.
  1710 | D:2      | Reached skill level 6 in Spellcasting
  1715 | D:2      | Reached XP level 4. HP: 13/24 MP: 5/14
  1731 | D:2      | Found an ancient bone altar of Kikubaaqudgha.
  1732 | D:2      | Found a shimmering blue altar of Sif Muna.
  1734 | D:2      | Found a radiant altar of Vehumet.
  1738 | D:2      | Identified Sif Muna's Disquisition on Bewitchment
  1741 | D:2      | Became a worshipper of Sif Muna the Loreminder
  1746 | D:2      | Learned a level 3 spell: Mephitic Cloud
  2137 | D:3      | Found a stormy altar of Qazlal.
  2234 | D:3      | Noticed an air elemental
  2237 | D:3      | Noticed a water elemental
  2240 | D:3      | Noticed an earth elemental
  2240 | D:3      | Noticed a fire elemental
  2358 | D:3      | Killed from afar by an orc priest

Levels and vault maps discovered:
D:1:      dpeg_arrival_tiny_d, layout_basic
D:2:      layout_loops_corners, grunt_temple_overflow_magic_moments,
          fedhas_altar_4, overflow_temple_1_default, first_ration,
          minmay_hexomino_u4
D:3:      layout_basic, minmay_misc_feat_secret_circle,
          nicolae_qazlal_style_of_elements

Skill      XL: |  1  2  3 |
---------------+----------+-----
Spellcasting   | 5 6 |  6.3
Conjurations   | 2 |  2.7
Dodging        | |  2.4
Stealth        | |  2.4
Summonings     | |  1.3
Translocations | |  1.4
Air Magic      | |  0.3
Poison Magic   | |  0.5

Action                   |  1- 3 |  4- 6 || total
-------------------------+-------+-------++-------
Melee: Unarmed           |    16 |     3 ||    19
 Cast: Magic Dart        |    84 |    48 ||   132
       Call Imp          |     4 |     1 ||     5
       Blink             |       |     1 ||     1
  Use: Potion            |       |     1 ||     1
  Eat: Chunk             |     2 |     2 ||     4
Armor: Robe              |     5 |       ||     5
Dodge: Dodged            |    20 |    12 ||    32

Table legend:
 A = Non-vault XP
 B = Vault XP
 C = Vault XP percentage of total XP
 D = Non-vault monster count
 E = Vault monster count
 F = Vault count percentage of total count
                 A         B        C        D         E       F
            +---------+---------+-------+---------+---------+-------
      Total |     156 |       8 |   4.9 |      48 |       4 |   7.7
            +---------+---------+-------+---------+---------+-------
        D:1 |      20 |       0 |   0.0 |       9 |       0 |   0.0
        D:2 |      71 |       8 |  10.1 |      24 |       4 |  14.3
        D:3 |      65 |       0 |   0.0 |      15 |       0 |   0.0
            +---------+---------+-------+---------+---------+-------
